 Dungeon Crawl Stone Soup version 0.31-a0-66-ge618eeaa78 (webtiles) character file.

Game seed: 1575264728736678621

134 loir the Ducker (level 5, -3/35 HPs)
             Began as a Djinni Hedge Wizard on May 22, 2023.
             Killed from afar by a steam dragon (6 damage)
             ... with a ball of steam
             ... on level 4 of the Dungeon.
             The game lasted 00:20:12 (2920 turns).

loir the Ducker (Djinni Hedge Wizard)               Turns: 2920, Time: 00:20:13

Health: -3/35      AC: 10    Str:  9    XL:     5   Next: 40%
Gold:   113        EV: 11    Int: 18    God:
                   SH:  0    Dex: 12

rFire   + + .        k - +1 dagger (venom)
rCold   x . .        (no shield)
rNeg    . . .        j - +3 ring mail {Will+}
rPois   ∞            c - +0 hat
rElec   .            f - +0 cloak
rCorr   .            g - +0 pair of gloves
SInv    .            (boots unavailable)
Will    +....        (no amulet)
Stlth   +            (no ring)
HPRegen 0.25/turn    (no ring)
MPRegen 0.00/turn

%: infuse magic (-4 HP)
@: flying
A: sickness immunity, fire resistance 2, cold vulnerability 1, float, innate
caster, HP casting, extra vitality 1
a: no special abilities


You were on level 4 of the Dungeon.
You visited 1 branch of the dungeon, and saw 4 of its levels.

You collected 113 gold pieces.

Inventory:

Hand Weapons
 a - a +1 dagger of venom
 k - a +1 dagger of venom (weapon)
 l - a +0 dagger of holy wrath
Missiles
 m - 6 poisoned darts
Armour
 b - a +0 robe
 c - a +0 hat (worn)
 e - a +2 pair of gloves
 f - a +0 cloak (worn)
 g - a +0 pair of gloves (worn)
 j - a +3 ring mail of willpower (worn)
Scrolls
 p - a scroll of enchant armour
Potions
 d - a potion of heal wounds
 h - a potion of invisibility {unknown}
 i - a potion of brilliance {unknown}
 n - a potion of haste {unknown}
 o - a potion of cancellation {unknown}


   Skills:
 + Level 3.8 Dodging
 + Level 3.0 Stealth
 + Level 3.4 Spellcasting
 + Level 3.4 Conjurations
 + Level 3.4 Hexes
 + Level 3.4 Summonings
 + Level 3.4 Necromancy
 + Level 3.4 Translocations
 + Level 3.4 Transmutations
 + Level 3.4 Fire Magic
 + Level 3.4 Ice Magic
 + Level 3.4 Air Magic
 + Level 3.4 Earth Magic
 + Level 3.4 Poison Magic


You knew the following spells:

 Your Spells              Type           Power      Damage    Failure   Level
a - Magic Dart            Conj           60%        1d6       11%         1
b - Slow                  Hex            60%        N/A       11%         1
c - Blink                 Tloc           30%        N/A       16%         2
d - Call Imp              Summ           30%        N/A       16%         2
e - Mephitic Cloud        Conj/Pois/Air  13%        N/A       38%         3
f - Foxfire               Conj/Fire      52%        2x1d6     13%         1
g - Poisonous Vapours     Pois/Air       26%        N/A       19%         2
Your spell library was empty.

Dungeon Overview and Level Annotations

Branches:
Dungeon (4/15)
 Temple: D:4-7

Altars:


Innate Abilities, Weirdness & Mutations

You are immune to sickness and miasma.
You are immune to poison.
Your flesh is very heat resistant. (rF++)
You are vulnerable to cold. (rC-)
You float through the air rather than walking.
You learn spells naturally, not from books.
Your magical power is your life essence.
You have superior vitality. (+4 MHP)


Message History

Aim: a steam dragon (moderately wounded, ally target, 100% to hit)
The magic dart hits the steam dragon.
The steam dragon is moderately wounded.
The steam dragon bites you. The steam dragon claws you.
The steam dragon breathes steam at you. The ball of steam hits you. You resist.
Casting: Foxfire (safe; 13% risk of failure)
Press: ? - help, Q - select action, (/) - cycle Dir - look around, f - activate You conjure some foxfire!
A scorpion comes into view.
The foxfire hits the steam dragon but does no damage.
The steam dragon is moderately wounded.
Casting: Foxfire (safe; 13% risk of failure)
Confirm with . or Enter, or press ? or * to list all spells.
Aiming: Poisonous Vapours (safe; 19% risk of failure)
Press: ? - help, Dir - move target, f - steam dragon
Aim: a steam dragon (moderately wounded, ally target) Poisonous vapours surround the steam dragon!
The steam dragon is poisoned.
Your foxfire dissipates!
The steam dragon breathes steam at you. The ball of steam hits you. You resist.
* * * LOW HITPOINT WARNING * * *
You see here a hobgoblin skeleton.
Casting: Foxfire (safe; 13% risk of failure)
Press: ? - help, Q - select action, (/) - cycle Dir - look around, f - activate You conjure some foxfire!
* * * LOW HITPOINT WARNING * * *
The steam dragon looks more healthy.
The steam dragon attacks as you move away!
The steam dragon bites you!
* * * LOW HITPOINT WARNING * * *
The steam dragon claws you but does no damage.
The foxfire hits the steam dragon.
The steam dragon is heavily wounded.
The foxfire hits the steam dragon but does no damage.
The steam dragon is heavily wounded.
The steam dragon breathes steam at you. The ball of steam hits you. You resist.
You die...

#.....###########†#.##
##.##.# #.#.# #.##.#
##.#.# ##.##.# ####....#
##...#.#######......)#
####.....:..>....[##....#
..................###.#.#
###......#######..###.#.#
#.#......# #@.......#
#.##.###.#####§§###.###
#<##.# #...s.D.§# #.#
.....# #.#####.## .#
#.##....$# #.# ... ...###
#.# #####.########.####(#
#>. .............# #.
#######.######


You could see a steam dragon (catching breath).

Vanquished Creatures
  A jelly (D:4)
  2 adders (D:4)
  A worm (D:2)
  2 dart slugs
  An orc (D:4)
  7 ball pythons
  9 bats
  6 endoplasms
  4 giant cockroaches
  8 goblins
  10 hobgoblins
  4 jackals
  4 quokkas
  3 frilled lizards
  A hobgoblin zombie (D:4)
  4 kobolds
  4 rats
71 creatures vanquished.

Vanquished Creatures (collateral kills)
  A jackal (D:3)
1 creature vanquished.

Vanquished Creatures (others)
  169 foxfires
169 creatures vanquished.

Grand Total: 241 creatures vanquished

Notes
Turn   | Place    | Note
-------+----------+-------------------------------------------
     0 | D:1      | loir the Djinni Hedge Wizard began the quest for the Orb.
     0 | D:1      | loir set off with the following spells memorised: Magic
                  | Dart, Slow, Blink, Call Imp, Mephitic Cloud.
     0 | D:1      | Reached XP level 1. HP: 15/15 MP: 0/0
   240 | D:1      | Reached XP level 2. HP: 19/21 MP: 0/0
   398 | D:1      | Reached XP level 3. HP: 17/25 MP: 0/0
   398 | D:1      | Learned a level 1 spell: Foxfire
  1271 | D:2      | Found a faded altar of an unknown god.
  1391 | D:2      | Reached XP level 4. HP: 25/31 MP: 0/0
  1915 | D:3      | Identified a scroll of acquirement
  1915 | D:3      | Acquired a +2 ring mail of willpower
  2622 | D:4      | Reached XP level 5. HP: 28/35 MP: 0/0
  2622 | D:4      | Learned a level 2 spell: Poisonous Vapours
  2902 | D:4      | Noticed a steam dragon
  2920 | D:4      | Killed from afar by a steam dragon

Illustrated notes

Levels and vault maps discovered:
D:1:      psy_arrival_radial02, layout_basic, serial_forest,
          infiniplex_forest_straight_4, infiniplex_forest_straight_5,
          infiniplex_forest_lined_2, infiniplex_forest_corner_1,
          infiniplex_forest_straight_2, infiniplex_forest_clump_medium,
          infiniplex_forest_zigzag_2, infiniplex_forest_lined_3, st_stairs_7,
          minivault_4, kennysheep_minor_cross
D:2:      layout_loops_ring, ebering_ecumenical_altar_ruins
D:3:      layout_basic
D:4:      layout_loops_ring, minmay_mini_ossuary

Skill      XL: |  1  2  3  4  5 |
---------------+----------------+-----
Spellcasting   | 3 |  3.4
Conjurations   | 3 |  3.4
Hexes          | 3 |  3.4
Summonings     | 3 |  3.4
Necromancy     | 3 |  3.4
Translocations | 3 |  3.4
Transmutations | 3 |  3.4
Fire Magic     | 3 |  3.4
Ice Magic      | 3 |  3.4
Air Magic      | 3 |  3.4
Earth Magic    | 3 |  3.4
Poison Magic   | 3 |  3.4
Stealth        | 2 3 |  3.0
Dodging        | 3 |  3.8

Action                     |  1- 3 |  4- 6 || total
---------------------------+-------+-------++-------
  Melee: Dagger            |     5 |       ||     5
   Cast: Magic Dart        |    44 |    21 ||    65
         Slow              |     2 |       ||     2
         Foxfire           |    47 |    66 ||   113
         Call Imp          |       |     3 ||     3
         Poisonous Vapours |       |     1 ||     1
    Use: Scroll            |     4 |     5 ||     9
 Armour: Robe              |     2 |     2 ||     4
         Ring mail         |       |     3 ||     3
  Dodge: Dodged            |     6 |    10 ||    16

Table legend: (Time is in decaauts)
 A = Elapsed time spent in this place.
 B = Non-inter-level travel time spent in this place.
 C = Inter-level travel time spent in this place.
 D = Time resting spent in this place.
 E = Time spent auto-exploring this place.
 F = Levels seen in this place.
 G = Mean time per level.
                   A        B        C        D        E       F      G
               +--------+--------+--------+--------+--------+-----+--------+
         Total |   2918 |   2765 |    153 |     49 |   2240 |   4 |  729.5 |
       Dungeon |   2918 |   2765 |    153 |     49 |   2240 |   4 |  729.5 |
               +--------+--------+--------+--------+--------+-----+--------+

Top non-repeatable levels by time:
     D:1: 1064 daAuts
     D:2: 691 daAuts
     D:3: 631 daAuts
     D:4: 531 daAuts
